 Dungeon Crawl Stone Soup version 0.19-a0-1008-g4c63d25 (webtiles) character file.

37 Gagarin the Charmwright (level 3, 0/30 HPs)
             Began as a Draconian Skald on July 23, 2016.
             Slain by a kobold
             ... wielding a +0 club
              (4 damage)
             ... on level 2 of the Dungeon.
             The game lasted 00:01:43 (637 turns).

Gagarin the Charmwright (Draconian Skald)            Turns: 637, Time: 00:01:44

Health: 0/30       AC:  5    Str: 14    XL:     3   Next: 21%
Magic:  0/6        EV: 12    Int: 18    God:
Gold:   0          SH:  0    Dex: 10    Spells: 1 memorised, 5 levels left

rFire  . . .     SeeInvis .     a - +0 spear
rCold  . . .     Gourm    .     (armour unavailable)
rNeg   . . .     Faith    .     (no shield)
rPois  .         Spirit   .     (helmet restricted)
rElec  .         Dismiss  .     (no cloak)
rCorr  .         Reflect  .     (no gloves)
SustAt .         Harm     .     (no boots)
MR     .....                    (no amulet)
Stlth  +.........               (no ring)
                                (no ring)

@: brilliant, lethally poisoned (0 -> -9), infused, flying, not resistant to
hostile enchantments, very unstealthy
A: unfitting armour, cold-blooded, AC +5
a: no special abilities


You were on level 2 of the Dungeon.
You were not hungry.

You visited 1 branch of the dungeon, and saw 2 of its levels.

Inventory:

Hand Weapons
 a - a +0 spear (weapon)
Missiles
 j - 19 arrows
Scrolls
 e - a scroll of enchant armour {unknown}
 f - a scroll of identify {unknown}
 h - a scroll of remove curse {unknown}
Potions
 d - a potion of cancellation
Books
 b - a book of Battle

   Spells                             Type                      Level
   a - Infusion                       Charms                       1
   b - Shroud of Golubria             Charms/Translocation         2
   c - Song of Slaying                Charms                       2
   d - Spectral Weapon                Hexes/Charms                 3
   e - Regeneration                   Charms/Necromancy            3
Comestibles
 c - a bread ration


   Skills:
 + Level 2.7 Fighting
 + Level 2.2 Polearms
 + Level 1.5 Dodging
 + Level 2.3 Spellcasting
 + Level 3.2 Charms


You had 5 spell levels left.
You knew the following spells:

 Your Spells              Type           Power        Failure   Level  Hunger
a - Infusion              Chrm           ###.         1%          1    #......


Dungeon Overview and Level Annotations

Branches:
Dungeon (2/15)

Altars:

Annotations:
D:2 Robin


Innate Abilities, Weirdness & Mutations

Your plain brown scales are hard. (AC +5)
Your body does not fit into most forms of armour.
You are cold-blooded and may be slowed by cold attacks.


Message History

The kobold hits you with a club. The goblin misses you.
The hobgoblin closely misses you. The goblin hits you but does no damage.
The goblin completely misses you.
You barely miss the kobold.
You feel sick. The kobold hits you but does no damage.
The goblin barely misses you.
Robin zaps a wand.
Some rock shatters into small pieces.
The hobgoblin hits you but does no damage.
The goblin hits you but does no damage.
You hit the hobgoblin.
The hobgoblin is severely wounded.
You feel sick.
The goblin hits you but does no damage. x2
The kobold misses you. The hobgoblin barely misses you.
The goblin hits you with a club!
* * * LOW HITPOINT WARNING * * *
You hit the hobgoblin.
You kill the hobgoblin!
The goblin hits you with a club.
* * * LOW HITPOINT WARNING * * *
The goblin closely misses you. The kobold hits you with a club.
You die...

### ... ..#
#.. #.# #..
#.# . ...
#.####
..###..##....
..........gg#
#....#.#K##
#...<.gK@g#
#...#..#gg#
#.....#


ggg# ....... #ggJ# ###.### .#gg. #. #.#.... . #..w... # . ...... You could see a
worm, Robin, an ooze, a hobgoblin, 11 goblins and 2 kobolds.

Vanquished Creatures
  An adder (D:2)
  An ooze (D:1)
  A dart slug (D:1)
  A ball python (D:1)
  2 bats (D:1)
  2 giant cockroaches (D:1)
  2 hobgoblins
  3 kobolds (D:1)
  2 giant newts (D:1)
  3 goblins (D:1)
  3 rats (D:1)
21 creatures vanquished.

Notes
Turn   | Place    | Note
-------+----------+-------------------------------------------
     0 | D:1      | Gagarin the Draconian Skald began the quest for the Orb.
     0 | D:1      | Reached XP level 1. HP: 17/17 MP: 3/3
   157 | D:1      | Reached XP level 2. HP: 22/25 MP: 5/5
   212 | D:1      | Reached skill level 3 in Charms
   624 | D:2      | Noticed Robin
   633 | D:2      | Reached XP level 3. HP: 22/30 MP: 1/6
   637 | D:2      | Slain by a kobold

Vault maps used:
D:1:      dpeg_arrival_rhombi, hex_medium
D:2:      uniq_robin, uniq_sigmund

Skill      XL: |  1  2 |
---------------+-------+-----
Charms         | 3 |  3.2
Fighting       | |  2.7
Polearms       | |  2.2
Dodging        | |  1.5
Spellcasting   | |  2.3

Action                   || total
-------------------------++-------
Melee: Spear             ||    62
       Tailslap          ||     4
 Cast: Infusion          ||     4
  Use: Potion            ||     4
Armor: Skin              ||    19
Dodge: Dodged            ||    49
